 Dungeon Crawl Stone Soup version 0.19-a0-1882-gbb73ea0 (webtiles) character file.

18389 Amnesiac the Destroyer (level 12, -7/122 HPs)
             Began as an Ogre Wizard on Oct 14, 2016.
             Was a High Priest of Sif Muna.
             Mangled by a komodo dragon (23 damage)
             ... on level 5 of the Lair of Beasts.
             The game lasted 00:42:18 (18855 turns).

Amnesiac the Destroyer (Ogre Wizard)               Turns: 18855, Time: 00:42:19

Health: -7/122     AC: 10    Str: 13    XL:     12   Next: 58%
Magic:  6/28       EV: 14    Int: 21    God:    Sif Muna [*****.]
Gold:   446        SH:  0    Dex: 10    Spells: 10 memorised, 10 levels left

rFire  . . .     SeeInvis +     F - staff of earth
rCold  . . .     Gourm    .     e - +2 robe {MR+}
rNeg   . . .     Faith    +     (no shield)
rPois  .         Spirit   .     C - +2 hat {SInv}
rElec  +         Dismiss  .     (no cloak)
rCorr  .         Reflect  .     (gloves unavailable)
MR     ++...     Harm     .     (boots unavailable)
Stlth  ++........               O - amulet of faith
                                a - +3 ring of protection
                                L - +3 ring of evasion

@: about to teleport, repel missiles, divine energy
A: unfitting armour, claws 2, agile 1, blurry vision 1, robust 1, screaming 1,
electricity resistance, tough skin 1, weak 1, wild magic 1
a: Stop Divine Energy, Channel Magic, Forget Spell, Renounce Religion


You were on level 5 of the Lair of Beasts.
You worshipped Sif Muna.
Sif Muna was extremely pleased with you.
You were not hungry.

You visited 3 branches of the dungeon, and saw 17 of its levels.
You also visited: Labyrinth and Ossuary.

You collected 813 gold pieces.
You spent 367 gold pieces at shops.

Inventory:

Hand Weapons
 w - a +0 short sword of distortion
 y - a +2 quarterstaff of speed
Missiles
 N - 2 throwing nets (quivered)
Armour
 e - a +2 robe of magic resistance (worn)
 C - a +2 hat of see invisible (worn)
 Q - a +2 robe of fire resistance
Magical Staves
 F - an uncursed staff of earth (weapon)
Rods
 H - a +0 lightning rod (11/11)
   (You found it on level 8 of the Dungeon)
Jewellery
 a - a +3 ring of protection (right claw)
 b - an uncursed ring of poison resistance
 l - a cursed ring of magical power {unknown}
 r - an uncursed ring of protection from cold
 u - an uncursed amulet of dismissal
 G - an uncursed ring of flight
 L - a +3 ring of evasion (left claw)
 O - an amulet of faith (around neck)
 U - an uncursed ring of wizardry
Wands
 D - a wand of random effects (33/48)
 I - a wand of teleportation (8/9)
Scrolls
 c - a scroll of acquirement {unknown}
 f - 4 scrolls of enchant armour
 h - 7 scrolls of remove curse
 i - a scroll of teleportation
 j - 2 scrolls of random uselessness {unknown}
 n - a scroll of magic mapping
 p - a scroll of fog {unknown}
 K - a scroll of blinking
 P - a scroll of recharging
 S - a scroll of summoning
 T - 2 scrolls of identify
Potions
 g - 4 potions of degeneration {unknown}
 k - 7 potions of flight {unknown}
 m - a potion of magic {unknown}
 q - 4 potions of lignification
 s - 2 potions of might
 t - a potion of ambrosia
 v - a potion of invisibility
 x - 2 potions of haste
 z - 4 potions of curing
 A - 6 potions of agility
 B - 3 potions of brilliance
 M - 2 potions of mutation
Miscellaneous
 R - a phantom mirror
 W - a lamp of fire
Comestibles
 d - 17 bread rations
 o - 6 meat rations
 E - 3 slices of pizza
 J - 2 fruits


   Skills:
 - Level 5.2 Fighting
 - Level 4.0 Dodging
 - Level 1.4 Stealth
 + Level 12.2 Spellcasting
 * Level 12.3 Conjurations
 - Level 0.6 Summonings
 - Level 0.6 Translocations


You had 10 spell levels left.
You knew the following spells:

 Your Spells              Type           Power        Failure   Level  Hunger
a - Repel Missiles        Chrm/Air       ###...       14%         2    None
b - Blink                 Tloc           N/A          12%         2    None
c - Magic Dart            Conj           ####         1%          1    None
d - Call Imp              Summ           ###.....     12%         2    None
e - Mephitic Cloud        Conj/Pois/Air  #####...     4%          3    None
f - Throw Icicle          Conj/Ice       ######..     8%          4    None
g - Sublimation of Blood  Necr           ###.......   14%         2    None
r - Regeneration          Chrm/Necr      ###.......   24%         3    None
s - Conjure Flame         Conj/Fire      ######..     2%          3    None
z - Stone Arrow           Conj/Erth      ######       2%          3    None


Dungeon Overview and Level Annotations

Branches:
Dungeon (11/15)            Temple (1/1) D:6            Lair (5/6) D:11
    Orc (0/2) D:9
  Swamp: Lair:2-4    Shoals: Lair:2-4     Snake: Lair:2-4    Spider: Lair:2-4
  Slime: Lair:5-6

Altars:
Ashenzari
Cheibriados
Dithmenos
Elyvilon
Fedhas
Gozag
Hepliaklqana
Kikubaaqudgha
Makhleb
Nemelex Xobeh
Okawaru
Qazlal
Ru
Sif Muna
Trog
Uskayaw
Vehumet
Xom
Yredelemnul
Zin
The Shining One
Beogh

Shops:
D:8 [


Innate Abilities, Weirdness & Mutations

You are too large for most types of armour.
You have tough skin. (AC +1)
You have very sharp fingernails.
You are agile. (Dex +2)
Scrolls take you a little longer to read.
You are robust. (+10% HP)
You occasionally shout uncontrollably at your foes.
You are resistant to electric shocks. (rElec)
You are weak. (Str -2)
Your spells are a little harder to cast, but a little more powerful.


Message History

You feel sick.
Okay, then.
A black mamba comes into view.
Okay, then.
Really read with blurry vision while enemies are nearby?
You feel sick.
You are no longer poisoned.
You begin reading the scroll.
You continue reading the scroll.
As you read the scroll of teleportation, it crumbles to dust.
You feel strangely unstable.
A yak comes into view.
The yak bellows!
The yak gores the plant.
A death yak comes into view.
Casting: Stone Arrow
Confirm with . or Enter, or press ? or * to list all spells.
You blink.
The death yak bellows!
The death yak moves out of view.
The komodo dragon bites you!!
You die...

...................#
..................# .
...............YY### ..
....^####.....Y.Y..# ###...
......#.....##.#YP###......
..........$.......##.......
................Y.#........
........#.....#..l§S.......
......##.....##.@..........
.....#..#.........#........
....#####........P##.......
...†# #.....#...# #......
...#. #......##.... #..#..
....##....... ...... .....
...P........ ....... ...
........... ........
...........


You could see 2 death yaks, a komodo dragon, a black mamba and 4 yaks.

Vanquished Creatures
  Gastronok (Lair:1)
  A minotaur (Lab)
  A hydra (Lair:1)
  A hill giant (D:10)
  Pikel (D:4)
  A manticore (D:10)
  4 black mambas
  Psyche (D:9)
  3 spiny frogs
  3 komodo dragons
  A two-headed ogre (D:8)
  Prince Ribbit (D:7)
  7 blink frogs
  4 hippogriffs
  A yak (Lair:1)
  A spriggan (D:10)
  3 wyverns
  Grum (D:8)
  3 porcupines
  8 water moccasins
  Duvessa (D:6)
  2 sky beasts
  A black bear (D:8)
  2 ice beasts (D:10)
  2 slaves (D:4)
  8 orc warriors
  A phantom (D:8)
  2 ogres (D:8)
  A necrophage (D:8)
  10 wolves
  3 centaurs
  5 crocodiles
  2 big kobolds
  12 bullfrogs
  Dowan (D:6)
  2 scorpions
  9 killer bees
  A howler monkey (D:8)
  5 crimson imps
  A bullfrog zombie (D:9)
  3 centaur zombies
  5 jellies
  3 hounds
  3 human zombies (Ossuary)
  7 orc priests
  5 orc wizards
  A bullfrog skeleton (D:6)
  6 centaur skeletons
  2 iguanas
  11 worker ants
  A hound skeleton (D:5)
  2 mummies (Ossuary)
  A worker ant zombie (D:10)
  6 gnolls
  6 adders
  2 shadow imps
  3 oozes
  2 adder zombies
  An adder skeleton (D:7)
  6 worms
  5 dart slugs
  5 leopard geckos
  63 orcs
  2 ball pythons
  4 giant cockroaches
  12 goblins
  3 hobgoblins
  5 jackals
  7 quokkas
  8 bats
  6 frilled lizards
  6 hobgoblin zombies (Ossuary)
  A jackal skeleton (D:8)
  A jackal zombie (Ossuary)
  10 kobolds
  13 kobold zombies (Ossuary)
  9 orc zombies (Ossuary)
  A quokka skeleton (D:6)
  A quokka zombie (D:5)
  10 rats
  2 rat zombies (Ossuary)
368 creatures vanquished.

Vanquished Creatures (collateral kills)
  2 orcs (D:9)
2 creatures vanquished.

Vanquished Creatures (others)
  A hippogriff (D:8)
  A slave (D:4)
  8 fungi
10 creatures vanquished.

Grand Total: 380 creatures vanquished

Notes
Turn   | Place    | Note
-------+----------+-------------------------------------------
     0 | D:1      | Amnesiac the Ogre Wizard began the quest for the Orb.
     0 | D:1      | Reached XP level 1. HP: 16/16 MP: 5/5
   143 | D:1      | Reached skill level 1 in Conjurations
   249 | D:1      | Reached XP level 2. HP: 14/24 MP: 0/6
   434 | D:1      | Learned a level 2 spell: Repel Missiles
   859 | D:1      | Reached XP level 3. HP: 31/31 MP: 0/8
   864 | D:1      | Learned a level 3 spell: Mephitic Cloud
   868 | D:1      | Learned a level 3 spell: Conjure Flame
  1503 | D:2      | Reached XP level 4. HP: 39/39 MP: 5/9
  1743 | D:2      | Found a sacrificial altar of Ru.
  2639 | D:3      | Learned a level 2 spell: Blink
  3022 | D:3      | Reached XP level 5. HP: 45/45 MP: 1/11
  3848 | D:4      | Found a sand-covered staircase.
  3859 | Ossuary  | Entered an ossuary
  4636 | Ossuary  | Reached XP level 6. HP: 35/53 MP: 3/12
  4804 | Ossuary  | Learned a level 2 spell: Call Imp
  5319 | D:4      | Reached XP level 7. HP: 57/59 MP: 6/14
  5416 | D:4      | Noticed Pikel
  5473 | D:4      | Killed Pikel
  5473 | D:4      | Reached skill level 5 in Spellcasting
  5473 | D:4      | Reached skill level 5 in Conjurations
  5736 | D:4      | Found a radiant altar of Vehumet.
  5737 | D:4      | Found a burning altar of Makhleb.
  5756 | D:4      | Reached XP level 8. HP: 58/67 MP: 16/16
  5772 | D:4      | Found a hide-covered altar of Uskayaw.
  5775 | D:4      | Found a shimmering altar of Xom.
  5936 | D:5      | Entered Level 5 of the Dungeon
  5969 | D:5      | Found a shattered altar of Ashenzari.
  6431 | D:5      | Found a shadowy altar of Dithmenos.
  7235 | D:6      | Noticed Dowan
  7255 | D:6      | Noticed Duvessa
  7269 | D:6      | Killed Dowan
  7324 | D:6      | Killed Duvessa
  7453 | D:6      | Reached XP level 9. HP: 73/74 MP: 14/19
  7628 | D:6      | Gained mutation: You are robust. (+10% HP) [mutagenic meat]
  7634 | D:6      | Gained mutation: You are agile. (Dex +2) [mutagenic meat]
  7637 | D:6      | Gained mutation: You are resistant to electric shocks. (rElec) [mutagenic meat]
  7640 | D:6      | Gained mutation: You are weak. (Str -2) [mutagenic meat]
  7719 | D:6      | Found a staircase to the Ecumenical Temple.
  7728 | Temple   | Entered the Ecumenical Temple
  7912 | Temple   | Became a worshipper of Sif Muna the Loreminder
  8166 | D:7      | Reached * piety under Sif Muna
  8551 | D:7      | Found an iron altar of Okawaru.
  8923 | D:7      | Noticed Prince Ribbit
  8940 | D:7      | Killed Prince Ribbit
  9052 | D:7      | You fall through a shaft for 3 floors!
  9052 | D:10     | Entered Level 10 of the Dungeon
  9437 | D:10     | Reached ** piety under Sif Muna
  9438 | D:10     | Noticed a hill giant
  9449 | D:10     | Killed a hill giant
  9449 | D:10     | Reached XP level 10. HP: 12/89 MP: 10/23
  9503 | D:10     | Gained mutation: You have sharp fingernails. [potion of mutation]
  9503 | D:10     | Gained mutation: Scrolls take you a little longer to read. [potion of mutation]
  9504 | D:10     | Gained mutation: You occasionally shout uncontrollably at your foes. [potion of mutation]
  9504 | D:10     | Gained mutation: You have very sharp fingernails. [potion of mutation]
  9504 | D:10     | Gained mutation: Your spells are a little harder to cast, but a little more powerful. [potion of mutation]
 10722 | D:8      | Reached *** piety under Sif Muna
 11409 | D:8      | Reached skill level 10 in Conjurations
 11719 | D:8      | Noticed Grum
 11746 | D:8      | Killed Grum
 11972 | D:8      | Reached skill level 10 in Spellcasting
 12000 | D:8      | Found Zegiett's Antique Armour Boutique.
 12008 | D:8      | Bought a glowing hat for 220 gold pieces
 12008 | D:8      | Bought a glowing robe for 147 gold pieces
 12337 | D:9      | Reached **** piety under Sif Muna
 12351 | D:9      | Found a roughly hewn altar of Beogh.
 12351 | D:9      | Found a staircase to the Orcish Mines.
 12723 | D:9      | Noticed Psyche
 12762 | D:9      | Killed Psyche
 12762 | D:9      | Reached XP level 11. HP: 96/96 MP: 1/25
 13135 | D:10     | Noticed a manticore
 13170 | D:10     | Killed a manticore
 13915 | D:11     | Noticed a hill giant
 13929 | D:11     | Found a staircase to the Lair.
 14008 | Lair:1   | Entered Level 1 of the Lair of Beasts
 14388 | Lair:1   | Reached ***** piety under Sif Muna
 14620 | Lair:1   | Noticed Gastronok
 14635 | Lair:1   | Reached skill level 1 in Fighting
 14738 | Lair:1   | Killed Gastronok
 15022 | Lair:1   | Reached skill level 5 in Fighting
 15465 | Lair:2   | Found a labyrinth entrance.
 15474 | Lab      | Entered a labyrinth
 15776 | Lab      | Noticed a minotaur
 15791 | Lab      | Killed a minotaur
 15791 | Lab      | Identified Sif Muna's Guide on Stolen Souls and Augmentations (Sif Muna gifted it to you in a labyrinth)
 15791 | Lab      | Received a gift from Sif Muna
 15849 | Lab      | Identified the Catalogue of Battle Magic
 15876 | Lair:2   | Learned a level 4 spell: Throw Icicle
 16213 | Lair:1   | Reached XP level 12. HP: 109/122 MP: 12/27
 16536 | Lair:1   | Noticed a six-headed hydra
 16580 | Lair:1   | Killed a six-headed hydra
 17008 | Lair:2   | Learned a level 3 spell: Stone Arrow
 17117 | Lair:2   | Learned a level 2 spell: Sublimation of Blood
 17121 | Lair:2   | Learned a level 3 spell: Regeneration
 18832 | Lair:5   | Noticed a death yak
 18832 | Lair:5   | Noticed a death yak
 18833 | Lair:5   | Noticed a death yak
 18855 | Lair:5   | Noticed a death yak
 18855 | Lair:5   | Mangled by a komodo dragon

Vault maps used:
D:1:      lightli_arrival_farm
D:2:      nicolae_ru_sacrificial_ziggurat
D:3:      first_bread
D:4:      grunt_temple_overflow_lords_of_destruction, minitemple,
          nicolae_ossuary_entry_plus, uniq_pikel
D:5:      ashenzari_conservatory_becter, basic_altar
D:6:      uniq_duvessa
D:7:      okawaru_ov_weapons_minmay, uniq_prince_ribbit1
D:8:      serial_shops, shop, hangedman_glass_teeth, kennysheep_kite_vault,
          uniq_grum
D:9:      david_orc_5, uniq_psyche
D:10:     the_bakery, minmay_misc_feat_five
D:11:     lair_0_dummy, nicolae_dithmenos_shadow_blocks, uniq_harold
Temple:   regret_index_temple_generic_petals
Lair:1:   hangedman_lair_generics_rect, infiniplex_staircase_pool,
          uniq_gastronok
Lair:2:   lab_entry_generic
Lair:3:   grunt_forest_small_clearings, minivault_26
Lair:4:   swamp_mist_pool, dummy_snake_entry
Lair:5:   grunt_megastairs_2
Lab:      nicolae_lab_very_dead_end
Ossuary:  ossuary_tomb_1

Skill      XL: |  1  2  3  4  5  6  7  8  9 10 11 12 |
---------------+-------------------------------------+-----
Conjurations   | 1 2 3 4 5 7 9 10 11 12 | 12.3
Spellcasting   | 4 5 7 9 10 11 12 | 12.2
Fighting       | 5 |  5.2
Dodging        | 4 |  4.0
Stealth        | |  1.4
Summonings     | |  0.6
Translocations | |  0.6

Action                   |  1- 3 |  4- 6 |  7- 9 | 10-12 || total
-------------------------+-------+-------+-------+-------++-------
Melee: Unarmed           |    20 |       |       |       ||    20
       Dagger            |       |    95 |       |       ||    95
       Quarterstaff      |       |       |   356 |   481 ||   837
       Staff             |       |       |       |    15 ||    15
 Cast: Magic Dart        |    75 |   270 |    43 |    46 ||   434
       Repel Missiles    |     1 |       |     1 |     3 ||     5
       Mephitic Cloud    |       |     6 |    39 |    47 ||    92
       Conjure Flame     |       |     5 |    14 |    29 ||    48
       Call Imp          |       |     1 |       |       ||     1
       Blink             |       |       |     6 |    13 ||    19
       Throw Icicle      |       |       |       |    34 ||    34
       Stone Arrow       |       |       |       |    65 ||    65
Invok: Divine Energy     |       |       |     1 |       ||     1
Evoke: Rod               |       |       |       |     3 ||     3
  Use: Scroll            |       |       |     1 |    25 ||    26
       Potion            |       |       |       |     7 ||     7
 Stab: Confused          |       |     1 |    20 |    24 ||    45
       Sleeping          |       |       |     7 |     1 ||     8
       Distracted        |       |       |     2 |       ||     2
  Eat: Chunk             |     2 |     8 |    17 |    22 ||    49
       Fruit             |       |     5 |       |       ||     5
       Pizza             |       |       |     1 |       ||     1
       Meat ration       |       |       |       |     2 ||     2
Armor: Robe              |     9 |    14 |    36 |   135 ||   194
       Skin              |       |       |       |     6 ||     6
Dodge: Dodged            |    14 |    45 |   101 |   239 ||   399
       Deflected         |     1 |       |       |     4 ||     5
